 Dungeon Crawl Stone Soup version 0.32-a0-872-g59262bdc9b (webtiles) character file.

Game seed: 1374352546393281555

446 pokeman the Magician (level 6, -5/35 HPs)
             Began as a Deep Elf Hedge Wizard on Mar 30, 2024.
             Killed by nerve-wracking pain
             ... invoked by Menkaure
              (14 damage)
             ... on level 4 of the Dungeon.
             The game lasted 00:09:56 (4743 turns).

pokeman the Magician (Deep Elf Hedge Wizard)        Turns: 4743, Time: 00:09:57

Health: -5/35      AC:  7    Str:  7    XL:     6   Next: 73%
Magic:  2/18       EV: 12    Int: 21    God:
Gold:   166        SH:  0    Dex: 14    Spells: 11/19 levels left

rFire   + + .        o - +2 dagger (speed)
rCold   + . .        (no shield)
rNeg    . . .        f - +1 robe {rC+ rF+}
rPois   .            c - +0 hat
rElec   .            (no cloak)
rCorr   .            (no gloves)
SInv    .            (no boots)
Will    .....        (no amulet)
Stlth   ++           g - ring of protection from fire
HPRegen 0.25/turn    h - +4 ring of protection
MPRegen 0.16/turn

%: no passive effects
@: very slightly contaminated
A: no striking features
a: no special abilities


You were on level 4 of the Dungeon.
You visited 1 branch of the dungeon, and saw 4 of its levels.

You collected 166 gold pieces.

Inventory:

Hand Weapons
 o - a +2 dagger of speed (weapon)
Armour
 c - a +0 hat (worn)
 f - a +1 robe of resistance (worn)
Jewellery
 g - a ring of protection from fire (left hand)
 h - a +4 ring of protection (right hand)
 j - a ring of ice
 k - an amulet of guardian spirit
Scrolls
 b - a scroll of vulnerability {unknown}
 e - a scroll of teleportation {unknown}
 p - a scroll of immolation {unknown}
 r - a scroll of identify {unknown}
 t - a scroll of blinking {unknown}
Potions
 d - a potion of magic
 i - 2 potions of degeneration {unknown}
 l - a potion of heal wounds {unknown}
 m - a potion of lignification {unknown}
 n - a potion of might {unknown}
 q - a potion of haste {unknown}
 s - a potion of curing {unknown}


   Skills:
 + Level 1.7 Fighting
 - Level 1.0 Armour
 - Level 3.3 Dodging
 - Level 3.0 Stealth
 * Level 7.4 Spellcasting
 + Level 3.5 Conjurations
 - Level 1.1 Summonings
 - Level 1.1 Translocations
 - Level 1.2 Air Magic
 - Level 1.1 Alchemy


You had 11 spell levels left.
You knew the following spells:

 Your Spells              Type           Power      Damage    Failure   Level
a - Magic Dart            Conj           88%        1d7       1%          1
b - Mephitic Cloud        Conj/Alch/Air  16%        N/A       12%         3
c - Call Imp              Summ           24%        N/A       9%          2
d - Blink                 Tloc           24%        N/A       9%          2

Your spell library contained the following spells:

 Spells                   Type           Power      Damage    Failure   Level
 Slow                     Hex            28%        N/A       9%          1
 Cigotuvi's Dreadful Rot  Necr/Alch/Air  22%        N/A       10%         2


Dungeon Overview and Level Annotations

Branches:
Dungeon (4/15)
 Temple: D:4-7

Altars:
Ashenzari
Dithmenos
Okawaru
Yredelemnul
The Shining One

Annotations:
D:4 Grinder, Menkaure


Message History

Press: ? - help, Shift-Dir - straight line, f - scorpion
Aim: a scorpion (chance to affect: 81%)
The ball explodes into a vile cloud!
The stinking cloud engulfs the scorpion.
Your cerulean imp hits Menkaure but does no damage.
Menkaure hits your cerulean imp!
Your cerulean imp dies!
Your cerulean imp disappears in a puff of smoke!
The scorpion is engulfed in noxious fumes.
The scorpion appears confused.
Unknown command.
Unknown command.
The scorpion is engulfed in noxious fumes.
The scorpion appears confused.
Unknown command.
Casting: Mephitic Cloud (quite dangerous; 12% risk of failure)
Confirm with . or Enter, or press ? or * to list all spells.
You miscast Blink.
You are very lightly contaminated with residual magic.
Nothing appears to happen.
Grinder says, "Just stop there for a second..."
Menkaure misses you.
Casting: Blink (safe; 9% risk of failure)
Confirm with . or Enter, or press ? or * to list all spells.
You miscast Blink.
Nothing appears to happen.
Menkaure mumbles some strange words.
Menkaure seems to speed up.
Unknown command.
Casting: Blink (safe; 9% risk of failure)
Confirm with . or Enter, or press ? or * to list all spells.
You blink.
Unknown command.
You feel ready to blink again.
Casting: Blink (safe; 9% risk of failure)
Confirm with . or Enter, or press ? or * to list all spells.
A tiny devil pulls itself out of the air.
Menkaure mumbles in an indecipherable tongue.
Menkaure points at you and mumbles some strange words.
Pain shoots through your body!
You die...

s......####.........#......##
.......##.#..#....###.......####
........#....#....###.....).†..#
..........##.............#.##))#
....>...5##...#...###...#####.)#
.#..........# ##..####.### #..#
.###..S..##.###..........####.†#
.###....###...5..........##....##
..##...$###..M..@........##.....#
...#......#..####........###.....
.............(# #.....##.<#....##
#..........#..###......#.)#..###
#..........#..#.....##.##..†.##
#....#.....#........##.###....#
.....##............##...###...#
§?.#.#####o##......##....##..##
..##..# #)....##...#....#####


You could see Menkaure (fast, ally target) and a friendly cerulean imp
(summoned).

Vanquished Creatures
  A weeping skull (D:3)
  A scorpion (D:4)
  An orc priest (D:4)
  A jelly (D:4)
  2 iguanas (D:4)
  An orc wizard (D:4)
  9 adders
  3 gnolls (D:3)
  A ribbon worm (D:2)
  2 dart slugs
  14 orcs
  5 endoplasms
  2 giant cockroaches
  4 goblins
  3 hobgoblins
  10 kobolds
  2 quokkas
  4 ball pythons
  3 bats
  2 rats
  A spectral orc (D:3)
72 creatures vanquished.

Vanquished Creatures (collateral kills)
  3 orcs (D:3)
  A hobgoblin (D:4)
4 creatures vanquished.

Grand Total: 76 creatures vanquished

Notes
Turn   | Place    | Note
-------+----------+-------------------------------------------
     0 | D:1      | pokeman the Deep Elf Hedge Wizard began the quest for the
                  | Orb.
     0 | D:1      | Reached XP level 1. HP: 10/10 MP: 7/7
   456 | D:1      | Reached XP level 2. HP: 16/16 MP: 7/9
  1475 | D:2      | Reached skill level 5 in Spellcasting
  1535 | D:2      | Reached XP level 3. HP: 15/20 MP: 5/11
  1539 | D:2      | Learned a level 3 spell: Mephitic Cloud
  1542 | D:2      | Learned a level 2 spell: Call Imp
  1546 | D:2      | Learned a level 2 spell: Blink
  1697 | D:2      | Reached skill level 1 in Armour
  1870 | D:2      | Reached skill level 1 in Fighting
  2380 | D:3      | Reached XP level 4. HP: 22/25 MP: 5/13
  2654 | D:3      | Found a glowing golden altar of the Shining One.
  2688 | D:3      | Found a shadowy altar of Dithmenos.
  2691 | D:3      | Found an iron altar of Okawaru.
  2699 | D:3      | Found a broken altar of Ashenzari.
  3438 | D:3      | Reached skill level 6 in Spellcasting
  3555 | D:3      | Reached XP level 5. HP: 29/29 MP: 8/15
  3605 | D:3      | Found a basalt altar of Yredelemnul.
  3636 | D:3      | Reached skill level 1 in Alchemy
  3954 | D:4      | Noticed Grinder
  3956 | D:4      | Paralysed by Grinder for 5 turns
  4055 | D:4      | Reached XP level 6. HP: 33/34 MP: 3/17
  4201 | D:4      | Noticed Menkaure
  4493 | D:4      | Reached skill level 1 in Air Magic
  4495 | D:4      | Reached skill level 7 in Spellcasting
  4693 | D:4      | HP: 1/35 [Menkaure/nerve-wracking pain (10)]
  4706 | D:4      | HP: 1/35 [Menkaure/nerve-wracking pain (6)]
  4723 | D:4      | Paralysed by Grinder for 4 turns
  4743 | D:4      | Killed from afar by Menkaure

Illustrated notes

Levels and vault maps discovered:
D:1:      dpeg_arrival_stone_temple_mockup, layout_loops_cross, serial_rivers,
          chequers_serial_rivers_micro_b, chequers_serial_rivers_large_a,
          chequers_serial_rivers_room_a, chequers_serial_rivers_micro_e
D:2:      layout_basic, kennysheep_crisscross
D:3:      layout_loops_cross, grunt_temple_overflow_cloverleaf,
          yredelemnul_forgotten_temple_becter, serial_co_window_serial,
          co_window_paths_a, co_window_corner_a, co_window_paths_b,
          co_window_paths_b, co_window_corner_a, co_window_corner_a,
          co_window_corner_a, co_window_2corner, co_window_corner_b,
          co_window_corner_b, co_window_unsneaky_path_b, co_window_4corner_a
D:4:      layout_cave_pools, kennysheep_generic_room_5, uniq_menkaure,
          uniq_grinder

Skill      XL: |  1  2  3  4  5  6 |
---------------+-------------------+-----
Spellcasting   | 5 6 7 |  7.4
Armour         | 1 |  1.0
Fighting       | 1 |  1.7
Conjurations   | 2 3 |  3.5
Stealth        | 3 |  3.0
Dodging        | 3 |  3.3
Alchemy        | 1 |  1.1
Air Magic      | 1 |  1.2
Summonings     | |  1.1
Translocations | |  1.1

Action                     |  1- 3 |  4- 6 || total
---------------------------+-------+-------++-------
  Melee: Dagger            |    31 |    92 ||   123
   Cast: Magic Dart        |    75 |   119 ||   194
         Mephitic Cloud    |     2 |    13 ||    15
         Call Imp          |     2 |     6 ||     8
         Blink             |       |     5 ||     5
    Use: Potion            |       |     1 ||     1
   Stab: Confused          |     2 |     6 ||     8
         Distracted        |       |     1 ||     1
 Armour: Robe              |    23 |    52 ||    75
  Dodge: Dodged            |    24 |    61 ||    85

Table legend: (Time is in decaauts)
 A = Elapsed time spent in this place.
 B = Non-inter-level travel time spent in this place.
 C = Inter-level travel time spent in this place.
 D = Time resting spent in this place.
 E = Time spent auto-exploring this place.
 F = Levels seen in this place.
 G = Mean time per level.
                   A        B        C        D        E       F      G
               +--------+--------+--------+--------+--------+-----+--------+
         Total |   4735 |   4559 |    176 |    289 |   3503 |   4 | 1183.8 |
       Dungeon |   4735 |   4559 |    176 |    289 |   3503 |   4 | 1183.8 |
               +--------+--------+--------+--------+--------+-----+--------+

Top non-repeatable levels by time:
     D:3: 1916 daAuts
     D:2: 1258 daAuts
     D:1: 961 daAuts
     D:4: 599 daAuts
